 Dungeon Crawl Stone Soup version 0.15.1 (webtiles) character file.

339068 RobertPalmer the Severer (level 22, -10/173 HPs)
             Began as a Formicid Fighter on Sept 15, 2014.
             Was a High Priest of Qazlal.
             Mangled by a tengu reaver
             ... wielding a +1 great mace of protection
              (16 damage)
             ... on Level 5 of the Vaults on Sept 17, 2014.
             The game lasted 02:36:46 (44061 turns).

RobertPalmer the Severer (Formicid Fighter)        Turns: 44061, Time: 02:36:46

HP -10/173       AC 33     Str 33      XL: 22   Next: 94%
MP   0/38        EV 30     Int 12      God: Qazlal [*****.]
Gold 4074        SH 33     Dex 24      Spells:  0 memorised, 21 levels left

rFire  + + .     SeeInvis +     a - +1 battleaxe (freeze)
rCold  + . .     Clarity  .     q - +0 storm dragon armour
rNeg   + . .     rCorr    +     X - +1 large shield {reflect}
rPois  +         rRot     .     (helmet unavailable)
rElec  +         Spirit   +     e - +0 cloak of the Dolphin {Str+3 Slay+5}
SustAb .         Warding  .     W - +1 pair of gloves
rMut   .         Stasis   +     t - +1 pair of boots
Gourm  .                        I - amulet "Olear" {Spirit rF+ MR+ Stlth-}
MR     +++..                    Q - ring "Zeusmuoff" {rN+ Str+3 Dex+2}
                                R - ring of poison resistance

@: mighty, agile, resistant, protected from physical damage, repel missiles,
extremely resistant to hostile enchantments, extremely unstealthy
A: permanent stasis, dig shafts and tunnels, four strong arms, antennae 3, icy
blue scales 1, iridescent scales 1, clever 1
a: Dig, Shaft Self, Upheaval, Elemental Force, Disaster Area, Renounce Religion
}: 2/15 runes: serpentine, barnacled


You were on level 5 of the Vaults.
You worshipped Qazlal.
Qazlal was extremely pleased with you.
You were hungry.

You visited 7 branches of the dungeon, and saw 43 of its levels.
You also visited: Sewer, Bailey, Ice Cave and Volcano.

You collected 5157 gold pieces.
You spent 1083 gold pieces at shops.


Innate Abilities, Weirdness & Mutations

Your are under a permanent stasis effect.
You can dig through walls and to a lower floor.
Your four strong arms can wield two-handed weapons with a shield.
You have a pair of large antennae on your head (SInv).
You are partially covered in icy blue scales (AC +1).
You are partially covered in iridescent scales (AC +4).
Your mind is acute. (Int +2)


   Skills:
 - Level 14.6 Fighting
 - Level 18.6 Axes
 + Level 17.7 Armour
 + Level 15.8 Dodging
 - Level 18.1 Shields
 - Level 15.0 Invocations


You had 21 spell levels left.
You didn't know any spells.

Inventory:

Hand weapons
 a - a +1 battleaxe of freezing (weapon)
 b - a +0 blowgun
 E - a +2 broad axe of flaming
Missiles
 l - 9 throwing nets (quivered)
 J - 10 curare-tipped needles
Armour
 e - the +0 cloak of the Dolphin (worn) {Str+3 Slay+5}
   (You found it in a bailey)

   It affects your strength (+3).
   It affects your accuracy and damage with ranged weapons and melee attacks
   (+5).
 q - a +0 storm dragon armour (worn)
 t - a +1 pair of boots (worn)
 W - a +1 pair of gloves (worn)
 X - a +1 large shield of reflection (worn)
Magical devices
 m - a wand of digging (4)
Comestibles
 d - 7 chunks of fire giant flesh {@*1}
 j - 2 slices of pizza
 n - 4 royal jellies
 p - 14 meat rations
 G - 41 fruits
 K - 17 bread rations
 L - 9 beef jerkies
Scrolls
 f - 22 scrolls of remove curse
 i - 5 scrolls of fog
 k - 2 scrolls of immolation {!r}
 w - 5 scrolls of enchant weapon
 y - 10 scrolls of recharging
 A - 3 scrolls of magic mapping
 B - 9 scrolls of identify
 F - 5 scrolls of noise {!r}
 N - 8 scrolls of fear
 U - 3 scrolls of amnesia
 Y - a scroll of silence
 Z - 3 scrolls of enchant armour
Jewellery
 s - an uncursed ring of positive energy
 D - an uncursed amulet of resist corrosion
 I - the amulet "Olear" (around neck) {Spirit rF+ MR+ Stlth-}
   (You found it on level 8 of the Dungeon)

   [amulet of guardian spirit]

   It causes incoming damage to be split between your health and magic.
   It protects you from fire.
   It affects your resistance to hostile enchantments.
   It makes you less stealthy.
 Q - the ring "Zeusmuoff" (right hand) {rN+ Str+3 Dex+2}
   (You found it on level 13 of the Dungeon)

   [ring of positive energy]

   It affects your strength (+3).
   It affects your dexterity (+2).
   It protects you from negative energy.
 R - a ring of poison resistance (left hand)
 S - an uncursed ring of flight
Potions
 c - a potion of cure mutation {unknown}
 h - 2 potions of restore abilities
 o - a potion of degeneration {unknown}
 u - 5 potions of curing
 x - 2 potions of magic
 M - 2 potions of agility
 V - 2 potions of might
Miscellaneous
 C - a phial of floods
 H - a fan of gales
 T - a fan of gales
Rods
 z - a +0 rod of clouds (10/10)
   (You took it off an orc on level 10 of the Dungeon)

Dungeon Overview and Level Annotations

Branches:
Dungeon (15/15)            Temple (1/1) D:7             Orc (4/4) D:9
    Elf (0/3) Orc:3          Lair (8/8) D:8          Shoals (5/5) Lair:3
  Snake (5/5) Lair:6        Slime (0/6) Lair:7       Vaults (5/5) D:14
  Crypt (0/3) Vaults:2     Depths (0/5) D:15

Altars:
Cheibriados
Dithmenos
Elyvilon
Fedhas
Kikubaaqudgha
Nemelex Xobeh
Qazlal
Sif Muna
Trog
Vehumet
Xom
Yredelemnul
Zin
The Shining One
Beogh
Jiyva

Shops:
Orc:3 }   Orc:4 ?*?%[   Shoals:1 [   Vaults:1 (   Vaults:4 :

Annotations:
Vaults:5 Frederick

... ##..e.#
..#..≈≈####
D.....≈≈≈..
###....≈).C####
.....)CCp......
...C*Qppp.p....
....[.C@*Q*......
.....pCQ@GZp.....
####*QCCLZ2.#####


p..ppCpDppH.... #.c.#.p≈.#..... ..e #§§..#..≈.. . #....# ... #....# . #....# ...
You could see Frederick (invisible), a titan, a golden dragon, a storm dragon, a
fire giant, a sphinx, 6 stone giants, 3 vault wardens, 4 tengu reavers, a lich,
a yaktaur captain, 10 vault guards, a green death, a great orb of eyes, an
ettin, a vault sentinel, a deep elf knight, a deep elf high priest and 2 human
zombies.


Message History

The lich barely misses you.
You hear a shout!
A stone giant comes into view.
Unknown command.
Unknown command.
Unknown command.
Use which ability? (? or * to list)
You don't have enough magic at the moment.
Unknown command.
Unknown command.
Unknown command.
Drink which item? (? for menu, Esc to quit)
You feel mightier all of a sudden.
The battlesphere is engulfed in freezing vapours.
The great orb of eyes pulsates ominously.
The great orb of eyes gazes at you. You resist with almost no effort.
The vault guard is engulfed in roaring flames.
You block the lich's attack. The tengu reaver misses you.
You block the tengu reaver's attack. The tengu reaver completely misses you.
You block the vault guard's attack.
The vault guard is struck by lightning.
You kill the vault guard!
Qazlal accepts your kill.
The battlesphere is engulfed in freezing vapours.
The titan is engulfed in freezing vapours.
The titan hits you!
* * * LOW HITPOINT WARNING * * *
You feel more protected from physical attacks.
The tengu reaver hits you with a glowing great mace!
You die...

Action                   |  1- 3 |  4- 6 |  7- 9 | 10-12 | 13-15 | 16-18 | 19-21 | 22-24 || total
-------------------------+-------+-------+-------+-------+-------+-------+-------+-------++-------
Melee: War axe           |   153 |   114 |   611 |   237 |       |       |       |       ||  1115
       Battleaxe         |       |       |       |   406 |   289 |  1182 |  1222 |   326 ||  3425
       Broad axe         |       |       |       |       |   847 |    35 |       |       ||   882
 Fire: Blowgun           |       |       |    41 |    93 |    18 |    11 |     4 |       ||   167
Throw: Throwing net      |       |       |       |     2 |       |       |     1 |       ||     3
Invok: Upheaval          |       |       |       |       |     8 |    18 |    10 |     6 ||    42
       Elemental Force   |       |       |       |       |     3 |     3 |     2 |       ||     8
       Disaster Area     |       |       |       |       |     2 |       |       |     2 ||     4
 Abil: Evoke Flight      |       |       |       |       |       |     3 |     2 |       ||     5
       Dig               |       |       |       |       |       |       |     4 |       ||     4
Evoke: Wand              |       |       |     5 |     6 |     8 |     9 |    14 |     1 ||    43
       Phial of floods   |       |       |       |     1 |       |       |     2 |       ||     3
  Use: Scroll            |     2 |       |    13 |    10 |    12 |    12 |     5 |     4 ||    58
       Potion            |       |     2 |     2 |     6 |     2 |     8 |     2 |     8 ||    30
 Stab: Distracted        |       |       |       |     1 |     1 |     1 |     1 |       ||     4
       Held in net/web   |       |       |       |     1 |       |       |     1 |       ||     2
       Invisible         |       |       |       |       |     6 |       |       |       ||     6
       Confused          |       |       |       |       |     1 |       |       |       ||     1
  Eat: Chunk             |     2 |     3 |    16 |    23 |    27 |    29 |    32 |     6 ||   138
       Fruit             |       |       |       |     3 |     3 |     2 |       |       ||     8
       Beef jerky        |       |       |       |     1 |       |       |       |       ||     1
       Pizza             |       |       |       |       |     2 |       |       |       ||     2

Vault maps used:
D:1:      lemuel_arrival_cross
D:2:      overflow_temple_1_default, nemelex_altar_shiori, lemuel_crystal_altar,
          hangedman_abyss_or_decor_lesser_grid, uniq_terence
D:3:      lemuel_round_altar, fedhas_altar_1, fiery_altar_vehumet, uniq_iyjb,
          uniq_natasha, uniq_grinder
D:4:      gammafunk_temple_overflow_wave, portal_sewer_entry_b
D:5:      first_bread
D:6:      nicolae_dithmenos_through_a_glass_darkly, uniq_prince_ribbit1
D:7:      kennysheep_mini, minmay_temple_entry_mist, enter_bailey_7, the_bakery,
          lemuel_old_faithful, uniq_eustachio
D:8:      dpeg_oklobed_lair
D:9:      david_orc_2, basic_altar
D:10:     uniq_erica, uniq_sonja
D:12:     four-leaf_vault, uniq_nergalle, uniq_psyche, uniq_joseph
D:13:     lemuel_oklob_altar, uniq_josephine, uniq_grum
D:14:     minmay_four_partial_circles, erik_vaults_2
D:15:     hangedman_slaughterboxes
Temple:   minmay_temple_curvy_8
Orc:1:    basic_altar
Orc:3:    lemuel_ogre_cave, serial_shops, nicolae_shop_behind_doors,
          nicolae_orc_pool_cavern, minmay_orc_temple_a
Orc:4:    portal_ice_cave_entry_animals_and_master, serial_shops, shop,
          st_orc_mages
Lair:1:   beast_lair_carwin_6
Lair:2:   lemuel_fruit_fields, serial_bayou_shore_b
Lair:3:   minmay_shoals_entry_centaurs, infiniplex_staircase_pool,
          uniq_gastronok
Lair:4:   enter_volcano_4, grunt_megastairs_1, lemuel_fruit_fields
Lair:5:   wad_woods_03, grunt_megastairs_3, uniq_fannar
Lair:6:   minmay_snake_entry_six_corridors
Lair:7:   slime_altar_1, forest_entry_grove
Lair:8:   minmay_lair_end_frog_pond, eino_house_with_fridge
Shoals:1: serial_shops, nicolae_shop_stone,
          nicolae_shoals_siren_and_animal_friends, uniq_nessos, uniq_aizul
Shoals:2: lemuel_yak_island, uniq_jorgrun
Shoals:4: cheibrodos_shoals_roost, uniq_wiglaf
Shoals:5: shoals_end_hangedman, shoal_ilsuiw
Snake:1:  basic_altar
Snake:2:  uniq_agnes
Snake:3:  uniq_frances, uniq_vashnia, uniq_norris
Snake:4:  lemuel_fruit_tree
Snake:5:  snake_pit
Vaults:1: nicolae_vaults_yaktaur_gun_rack, v_alt_pattern_4, v_alt_pattern_4,
          v_misc_24, ontoclasm_vaults_hangar, nicolae_vaults_mini_display_case,
          vaults_room_stairs_pillars, serial_shops, shop, serial_glass
Vaults:2: v_misc_31, minmay_crypt_entry_necro_gods, nicolae_vaults_shelves_hall,
          hangedman_vaults_variations, v_pattern_4,
          vaults_mumra_minichess_inversion, nicolae_vaults_rhombus_5,
          hangedman_vaults_nodes, nicolae_vaults_little_squares_5,
          ontoclasm_vaults_decontamination, vaults_dpeg_ring, uniq_jory,
          uniq_asterion
Vaults:3: nicolae_vaults_disjoint_gnomons, v_rooms_5, v_alt_pattern_1,
          ontoclasm_vaults_eye, v_misc_19, v_alt_pattern_2,
          ontoclasm_vaults_misaligned, v_misc_12, ontoclasm_vaults_shout,
          hangedman_vaults_stagger, nicolae_vaults_little_squares_4
Vaults:4: v_misc_33, nicolae_vaults_angled_halls, nicolae_vaults_triangles,
          v_misc_1, hangedman_vaults_impose, nicolae_vaults_statue_guard,
          ontoclasm_vaults_loading_screen, v_rooms_6, ontoclasm_vaults_tryst,
          hangedman_vaults_corner, serial_shops, shop
Vaults:5: uniq_frederick, uniq_mara
Sewer:    sewer_co_tree
Bailey:   bailey_polearm_4, bailey
IceCv:    ice_cave_statue_garden_02
Volcano:  volcano_lake

Notes
Turn   | Place    | Note
--------------------------------------------------------------
     0 | D:1      | RobertPalmer, the Formicid Fighter, began the quest for the Orb.
     0 | D:1      | Reached XP level 1. HP: 18/18 MP: 1/1
   297 | D:1      | Reached XP level 2. HP: 24/24 MP: 3/3
   607 | D:1      | Reached skill level 3 in Axes
   863 | D:1      | Reached XP level 3. HP: 29/29 MP: 4/4
  1206 | D:2      | Found an ancient bone altar of Kikubaaqudgha.
  1374 | D:2      | Reached XP level 4. HP: 28/35 MP: 5/5
  1374 | D:2      | Reached skill level 4 in Axes
  1505 | D:2      | Found a sparkling altar of Nemelex Xobeh.
  1612 | D:2      | Found a glowing silver altar of Zin.
  1617 | D:2      | Noticed Terence
  1628 | D:2      | Killed Terence
  2048 | D:3      | Found a blossoming altar of Fedhas.
  2048 | D:3      | Noticed Grinder
  2076 | D:3      | Killed Grinder
  2076 | D:3      | Reached skill level 6 in Axes
  2076 | D:3      | Reached XP level 5. HP: 24/41 MP: 7/7
  2076 | D:3      | Reached XP level 6. HP: 27/47 MP: 8/8
  2207 | D:3      | Found a deep blue altar of Sif Muna.
  2225 | D:3      | Noticed Ijyb
  2252 | D:3      | Killed Ijyb
  2258 | D:3      | Found a radiant altar of Vehumet.
  2290 | D:3      | Reached XP level 7. HP: 49/52 MP: 9/9
  2294 | D:3      | Reached skill level 7 in Axes
  2335 | D:3      | Noticed Natasha
  2344 | D:3      | Killed Natasha
  2346 | D:3      | Killed Natasha
  2381 | D:3      | Noticed Natasha
  2390 | D:3      | Killed Natasha
  3198 | D:4      | Found a glowing drain.
  3220 | Sewer    | Entered a sewer
  3393 | Sewer    | Reached skill level 8 in Axes
  3569 | Sewer    | Reached XP level 8. HP: 24/58 MP: 11/11
  4033 | Sewer    | Reached skill level 9 in Axes
  4539 | D:4      | Found a snail-covered altar of Cheibriados.
  4539 | D:4      | Found a white marble altar of Elyvilon.
  4665 | D:5      | Entered Level 5 of the Dungeon
  5186 | D:5      | Reached skill level 10 in Axes
  5478 | D:5      | Reached XP level 9. HP: 64/64 MP: 12/12
  5909 | D:5      | Reached skill level 4 in Armour
  6076 | D:6      | Found a shadowy altar of Dithmenos.
  6076 | D:6      | Noticed Prince Ribbit
  6094 | D:6      | Killed Prince Ribbit
  6094 | D:6      | Reached skill level 5 in Armour
  6095 | D:6      | Reached skill level 6 in Armour
  6578 | D:6      | Reached skill level 7 in Armour
  7148 | D:7      | Reached skill level 8 in Armour
  7350 | D:7      | Reached XP level 10. HP: 56/70 MP: 13/13
  7377 | D:7      | Found a staircase to the Ecumenical Temple.
  7397 | D:7      | Reached skill level 9 in Armour
  7432 | D:7      | Found a flagged portal.
  7474 | Temple   | Entered the Ecumenical Temple
  7492 | Temple   | Became a worshipper of Qazlal Stormbringer
  7534 | Bailey   | Entered a bailey
  7637 | Bailey   | Reached skill level 10 in Armour
  8047 | Bailey   | Reached skill level 11 in Armour
  8052 | Bailey   | Got a brightly glowing cloak
  8062 | Bailey   | Identified the +0 cloak of the Dolphin {Str+3 Slay+5} (You found it in a bailey)
  8284 | D:7      | Acquired Qazlal's first power
  8301 | D:7      | Reached skill level 11 in Axes
  8331 | D:7      | Found a glowing golden altar of the Shining One.
  8618 | D:7      | Noticed Eustachio
  8631 | D:7      | Killed Eustachio
  8781 | D:8      | Found a staircase to the Lair.
  8821 | D:8      | Got a warped pewter amulet
  8844 | D:8      | Identified the amulet "Olear" {Spirit rF+ MR+ Stlth-} (You found it on level 8 of the Dungeon)
  9045 | D:8      | Acquired Qazlal's second power
  9341 | D:8      | Reached XP level 11. HP: 61/75 MP: 12/15
  9536 | D:8      | Reached skill level 12 in Axes
  9846 | D:9      | Found a staircase to the Orcish Mines.
 10708 | D:9      | Found a deep blue altar of Sif Muna.
 10741 | D:9      | Reached skill level 13 in Axes
 10820 | D:9      | Noticed Pirate's ghost (experienced DsFi)
 10831 | D:9      | Killed Pirate's ghost
 10975 | D:10     | Entered Level 10 of the Dungeon
 10975 | D:10     | Noticed Sonja
 10980 | D:10     | Killed Sonja
 11114 | D:10     | Identified a scroll of acquirement
 11115 | D:10     | Got a pair of fine gloves
 11126 | D:10     | Identified the +2 pair of gloves "Extovysch" {Dex-4} (You acquired it on level 10 of the Dungeon)
 11168 | D:10     | Noticed Erica
 11180 | D:10     | Killed Erica
 11180 | D:10     | Acquired Qazlal's third power
 11439 | D:10     | Reached skill level 14 in Axes
 11580 | D:10     | Identified a +0 rod of clouds (10/10) (You took it off an orc on level 10 of the Dungeon)
 12025 | Lair:1   | Entered Level 1 of the Lair of Beasts
 12256 | Lair:1   | Reached XP level 12. HP: 52/81 MP: 13/16
 12284 | Lair:1   | Acquired Qazlal's fourth power
 12362 | Lair:1   | Reached skill level 15 in Axes
 13171 | Lair:1   | Reached skill level 16 in Axes
 14133 | Lair:2   | Reached skill level 1 in Invocations
 14142 | Lair:2   | Reached skill level 2 in Invocations
 14146 | Lair:2   | Reached skill level 3 in Invocations
 14179 | Lair:1   | Acquired Qazlal's fifth power
 14402 | Lair:2   | Reached skill level 4 in Invocations
 14500 | Lair:2   | Reached XP level 13. HP: 70/86 MP: 18/23
 14505 | Lair:2   | Reached skill level 5 in Invocations
 14589 | Lair:2   | Reached skill level 6 in Invocations
 14922 | Lair:3   | Reached skill level 7 in Invocations
 15056 | Lair:3   | Noticed Gastronok
 15117 | Lair:3   | Killed Gastronok
 15117 | Lair:3   | Reached skill level 8 in Invocations
 15193 | Lair:3   | Found a staircase to the Shoals.
 15221 | Lair:3   | Reached skill level 9 in Invocations
 15534 | Lair:3   | Reached skill level 10 in Invocations
 15769 | Lair:4   | Found a dark tunnel.
 15774 | Volcano  | Entered a volcano
 16046 | Volcano  | Reached skill level 11 in Invocations
 16055 | Volcano  | Found a burning altar of Makhleb.
 16359 | Lair:4   | Reached skill level 12 in Invocations
 16361 | Lair:4   | Identified the Papyrus of Conjuration and Flames
 17462 | Lair:5   | Reached skill level 13 in Invocations
 17467 | Lair:5   | Reached XP level 14. HP: 72/93 MP: 20/31
 17479 | Lair:5   | Noticed Fannar
 17488 | Lair:5   | Killed Fannar
 17715 | Lair:5   | Reached skill level 14 in Invocations
 18265 | Lair:6   | Found a staircase to the Snake Pit.
 18614 | Lair:6   | Reached skill level 15 in Invocations
 18667 | Lair:6   | Reached skill level 1 in Dodging
 18799 | Lair:6   | Reached skill level 2 in Dodging
 19002 | Lair:7   | Reached skill level 3 in Dodging
 19099 | Lair:7   | Reached skill level 4 in Dodging
 19313 | Lair:7   | Found a viscous altar of Jiyva.
 19313 | Lair:7   | Found a staircase to the Slime Pits.
 19537 | Lair:7   | Reached skill level 5 in Dodging
 19643 | Lair:7   | Identified a potion of resistance
 19867 | Lair:7   | Reached skill level 6 in Dodging
 19979 | Lair:8   | Entered Level 8 of the Lair of Beasts
 20335 | Lair:8   | Reached skill level 7 in Dodging
 20348 | Lair:8   | Reached XP level 15. HP: 79/98 MP: 24/33
 20413 | Lair:7   | Reached skill level 8 in Dodging
 20790 | Lair:8   | Reached skill level 9 in Dodging
 21440 | Lair:8   | Reached skill level 10 in Dodging
 21879 | Lair:8   | Reached skill level 4 in Shields
 22253 | Orc:1    | Entered Level 1 of the Orcish Mines
 22336 | Orc:2    | Reached skill level 5 in Shields
 22587 | Orc:3    | Found a roughly hewn altar of Beogh.
 22871 | Orc:3    | Found a staircase to the Elven Halls.
 22973 | Orc:3    | Found Ucitaism's Gadget Shop.
 23036 | Orc:3    | Reached skill level 6 in Shields
 23101 | Orc:3    | Reached skill level 7 in Shields
 23115 | Orc:3    | Got an iridescent war axe
 23116 | Orc:3    | Identified the +8 war axe of Arbitration {drain, rN+} (You found it on level 3 of the Orcish Mines)
 23439 | Orc:4    | Entered Level 4 of the Orcish Mines
 23490 | Orc:4    | Reached skill level 8 in Shields
 23898 | Orc:4    | Found Twiammau's Magic Scroll Shoppe.
 23942 | Orc:4    | Reached skill level 9 in Shields
 23943 | Orc:4    | Found a frozen archway.
 23991 | IceCv    | Entered an ice cave
 24173 | IceCv    | Reached XP level 16. HP: 61/104 MP: 22/34
 24479 | Orc:4    | Reached skill level 10 in Shields
 24524 | Orc:4    | Found Gaism's Armour Shoppe.
 24524 | Orc:4    | Found Areneopp's General Store.
 24524 | Orc:4    | Found Run Kly's Magic Scroll Emporium.
 24527 | Orc:4    | Found Ynipin's Food Shoppe.
 24589 | Orc:4    | Bought 2 potions of agility for 80 gold pieces
 24589 | Orc:4    | Bought a potion of might for 40 gold pieces
 24589 | Orc:4    | Bought a scroll of enchant armour for 120 gold pieces
 24591 | Orc:4    | Bought a scroll of identify for 24 gold pieces
 24591 | Orc:4    | Bought a scroll of enchant weapon for 90 gold pieces
 24591 | Orc:4    | Bought a scroll of enchant weapon for 90 gold pieces
 24591 | Orc:4    | Bought a scroll of fog for 24 gold pieces
 24682 | Orc:4    | Bought 2 scrolls of enchant armour for 225 gold pieces
 24682 | Orc:4    | Bought a scroll of identify for 30 gold pieces
 24682 | Orc:4    | Bought a scroll of identify for 30 gold pieces
 24682 | Orc:4    | Bought a scroll of identify for 30 gold pieces
 24682 | Orc:4    | Bought a scroll of identify for 30 gold pieces
 25204 | D:11     | Noticed a purple ugly thing
 25212 | D:11     | Killed a purple ugly thing
 25299 | D:11     | Noticed jeykey's ghost (experienced VSNe)
 25304 | D:11     | Killed jeykey's ghost
 25371 | D:11     | Noticed a cyclops
 25375 | D:11     | Killed a cyclops
 25444 | D:11     | Noticed an orc knight
 25445 | D:11     | Noticed an orc sorcerer
 25454 | D:11     | Killed an orc knight
 25458 | D:11     | Killed an orc sorcerer
 25566 | D:11     | Reached skill level 11 in Shields
 26650 | D:12     | Identified a +4 rod of inaccuracy (14/14) (You found it on level 8 of the Lair of Beasts)
 26680 | D:12     | Noticed Joseph
 26692 | D:12     | Killed Joseph
 27049 | D:12     | Noticed Psyche
 27068 | D:12     | Killed Psyche
 27187 | D:12     | Reached skill level 12 in Shields
 27188 | D:12     | Noticed Nergalle
 27201 | D:12     | Killed Nergalle
 27307 | D:12     | Gained mutation: You are partially covered in icy blue scales (AC +1). [potion of beneficial mutation]
 27614 | D:13     | Found a bloodstained altar of Trog.
 27758 | D:13     | Noticed Grum
 27770 | D:13     | Killed Grum
 27831 | D:13     | Got a vibrating marble ring
 27833 | D:13     | Identified the ring "Zeusmuoff" {rN+ Str+3 Dex+2} (You found it on level 13 of the Dungeon)
 27859 | D:13     | Noticed Josephine
 27868 | D:13     | Killed Josephine
 27896 | D:13     | Reached skill level 13 in Shields
 28339 | D:14     | Reached skill level 14 in Shields
 28370 | D:14     | Found a gate to the Vaults.
 28532 | D:14     | Reached skill level 15 in Shields
 29119 | D:15     | Entered Level 15 of the Dungeon
 29137 | D:15     | Reached XP level 17. HP: 109/109 MP: 35/35
 29329 | D:15     | Found a staircase to the Depths.
 29417 | D:15     | Found a glowing golden altar of the Shining One.
 29418 | D:15     | Found a stormy altar of Qazlal.
 29418 | D:15     | Found a blossoming altar of Fedhas.
 29450 | D:15     | Reached skill level 16 in Shields
 29738 | D:15     | Noticed a sphinx
 29754 | D:15     | Killed a sphinx
 29775 | D:15     | Reached skill level 17 in Shields
 29837 | D:15     | Noticed a tengu reaver
 29845 | D:15     | Killed a tengu reaver
 30301 | D:15     | Reached skill level 18 in Shields
 30433 | D:15     | Reached skill level 4 in Fighting
 30445 | D:15     | Reached skill level 5 in Fighting
 31178 | Shoals:1 | Entered Level 1 of the Shoals
 31205 | Shoals:1 | Gained mutation: Your mind is acute. (Int +2) [potion of beneficial mutation]
 31270 | Shoals:1 | Found Klaener's Antique Armour Shop.
 31369 | Shoals:2 | Reached skill level 6 in Fighting
 31373 | Shoals:2 | Noticed Jorgrun
 31394 | Shoals:2 | Killed Jorgrun
 31394 | Shoals:2 | Reached skill level 7 in Fighting
 31468 | Shoals:2 | Reached XP level 18. HP: 120/127 MP: 35/35
 31519 | Shoals:2 | Reached skill level 8 in Fighting
 31826 | Shoals:3 | Reached skill level 9 in Fighting
 31870 | Shoals:3 | Got a glittering iron ring
 31871 | Shoals:3 | Identified the ring "Wealam" {Str-4 Stlth-} (You found it on level 3 of the Shoals)
 32097 | Shoals:3 | Gained mutation: You are partially covered in iridescent scales (AC +4). [potion of beneficial mutation]
 32242 | Shoals:3 | Reached skill level 10 in Fighting
 32352 | Shoals:4 | Noticed Wiglaf
 32385 | Shoals:4 | Killed Wiglaf
 32392 | Shoals:4 | Reached skill level 11 in Fighting
 32671 | Shoals:5 | Entered Level 5 of the Shoals
 32679 | Shoals:5 | Reached skill level 12 in Fighting
 33107 | Shoals:5 | Reached skill level 13 in Fighting
 33241 | Shoals:5 | Noticed Ilsuiw
 33269 | Shoals:5 | Killed Ilsuiw
 33313 | Shoals:5 | Reached XP level 19. HP: 112/151 MP: 24/36
 33331 | Shoals:5 | Reached skill level 14 in Fighting
 33584 | Shoals:5 | Got a barnacled rune of Zot
 33912 | Snake:1  | Entered Level 1 of the Snake Pit
 33912 | Snake:1  | Found a shimmering altar of Xom.
 34099 | Snake:1  | Identified a +0 rod of shadows (12/12) (You found it on level 1 of the Snake Pit)
 34359 | Snake:2  | Noticed Agnes
 34368 | Snake:2  | Killed Agnes
 34726 | Snake:3  | Noticed Frances
 34746 | Snake:2  | Reached skill level 17 in Axes
 34880 | Snake:2  | Upgraded the game from 0.15.0-34-g666c3a1 to 0.15.1
 35025 | Snake:3  | Killed Frances
 35308 | Snake:3  | Noticed Norris
 35320 | Snake:3  | Killed Norris
 35665 | Snake:3  | Noticed Vashnia
 35676 | Snake:3  | Killed Vashnia
 36273 | Snake:4  | Reached skill level 18 in Axes
 36781 | Snake:5  | Entered Level 5 of the Snake Pit
 36923 | Snake:5  | Reached XP level 20. HP: 156/160 MP: 37/37
 37494 | Snake:5  | Reached skill level 12 in Armour
 37507 | Snake:5  | Reached skill level 11 in Dodging
 38189 | Snake:5  | Reached skill level 13 in Armour
 38195 | Snake:5  | Got a serpentine rune of Zot
 38886 | Vaults:1 | Entered Level 1 of the Vaults
 38923 | Vaults:1 | Reached skill level 12 in Dodging
 39774 | Vaults:1 | Reached XP level 21. HP: 166/166 MP: 37/37
 39796 | Vaults:1 | Reached skill level 14 in Armour
 39830 | Vaults:1 | Found Clismin's Antique Weapon Shop.
 39841 | Vaults:1 | Bought a dazzling broad axe for 270 gold pieces
 39842 | Vaults:1 | Identified the +1 broad axe of Context {drain, rF- MR++ Str+2} (You bought it in a shop on level 1 of the Vaults)
 40503 | Vaults:2 | Reached skill level 13 in Dodging
 40505 | Vaults:2 | Noticed Asterion
 40521 | Vaults:2 | Killed Asterion
 40815 | Vaults:2 | Noticed Jory
 40846 | Vaults:2 | Reached skill level 15 in Armour
 40848 | Vaults:2 | Killed Jory
 40915 | Vaults:2 | Found a staircase to the Crypt.
 40915 | Vaults:2 | Found an ancient bone altar of Kikubaaqudgha.
 40915 | Vaults:2 | Found a basalt altar of Yredelemnul.
 41848 | Vaults:3 | Reached skill level 14 in Dodging
 42112 | Vaults:3 | Reached XP level 22. HP: 166/173 MP: 38/38
 42219 | Vaults:3 | Reached skill level 16 in Armour
 43016 | Vaults:4 | Identified a +0 storm dragon armour (You found it on level 4 of the Vaults)
 43159 | Vaults:4 | Reached skill level 15 in Dodging
 43290 | Vaults:4 | Reached skill level 17 in Armour
 43593 | Vaults:4 | Found Pseesk's Book Shop.
 44033 | Vaults:5 | Entered Level 5 of the Vaults
 44037 | Vaults:5 | Noticed Frederick
 44042 | Vaults:5 | Noticed a golden dragon
 44061 | Vaults:5 | HP: 6/173 [titan (15)]
 44061 | Vaults:5 | Mangled by a tengu reaver

Vanquished Creatures
  Jory (Vaults:2)
  A lich (Vaults:5)
  Asterion (Vaults:2)
  A titan (Vaults:5)
  2 krakens
  2 tengu reavers
  Agnes (Snake:2)
  2 storm dragons (Vaults:4)
  2 sphinxes
  Frances (Snake:3)
  A spectral weapon (Vaults:2)
  Ilsuiw (Shoals:5)
  Wiglaf (Shoals:4)
  9 greater nagas
  A frost giant (Vaults:3)
  8 vault wardens
  3 fire giants
  Gastronok (Lair:3)
  Jorgrun (Shoals:2)
  3 very ugly things
  4 stone giants
  2 vampire knights (D:15)
  5 ettins
  3 merfolk javelineers
  7 merfolk impalers
  28 vault guards
  2 great orbs of eyes
  10 yaktaur captains
  A fire dragon (Vaults:1)
  7 ironheart preservers
  Fannar (Lair:5)
  8 hydras
  13 naga warriors
  An ice dragon (Vaults:2)
  9 ogre magi
  A ravenous item mimic (Lair:8)
  Erica (D:10)
  2 sirens (Shoals:5)
  5 anacondas
  An alligator snapping turtle (Shoals:5)
  4 deep troll earth magi
  2 satyrs (Shoals:5)
  2 tengu warriors (D:14)
  11 centaur warriors
  The ghost of Pirate the Carver, an experienced DsFi of Makhleb (D:9)
  A death yak (Shoals:2)
  4 merfolk aquamancers
  2 orc high priests
  16 naga sharpshooters
  A catoblepas (Lair:4)
  Nergalle (D:12)
  9 shock serpents
  2 fire crabs
  5 shadow wraiths
  A death drake (shapeshifter) (Vaults:3)
  2 salamander mystics
  5 unseen horrors
  8 sea snakes
  3 deep elf knights
  3 flayed ghosts
  13 deep trolls
  The ghost of jeykey the Reanimator, an experienced VSNe of Vehumet (D:11)
  A sea snake (shapeshifter) (Vaults:1)
  6 naga ritualists
  A wizard (Vaults:3)
  3 ice statues (IceCv)
  A silver statue (Vaults:4)
  11 orc knights
  10 ironbrand convokers
  5 mana vipers
  7 hill giants
  An oklob plant (D:13)
  2 deep elf conjurers
  3 red wasps (Vaults:3)
  4 necromancers
  18 ugly things
  8 cyclopes
  4 wolf spiders
  3 human zombies
  A water nymph (Shoals:5)
  A frost giant zombie (Vaults:1)
  16 griffons
  7 orc sorcerers
  A guardian serpent (shapeshifter) (D:15)
  12 salamanders
  A salamander (shapeshifter) (Vaults:3)
  2 phantasmal warriors
  A wolf spider (shapeshifter) (Vaults:4)
  13 elephants
  16 manticores
  2 sixfirhies
  23 harpies
  35 black mambas
  A centaur zombie (D:13)
  An octopode (shapeshifter) (Vaults:4)
  5 mermaids
  2 guardian serpents
  Joseph (D:12)
  A frost giant skeleton (Vaults:1)
  25 naga magi
  2 molten gargoyles (Volcano)
  7 vault sentinels
  25 spiny frogs
  Psyche (D:12)
  11 komodo dragons
  2 yaktaur zombies
  An iron devil (D:13)
  4 kobold demonologists
  25 yaktaurs
  A troll (shapeshifter) (Vaults:1)
  2 efreet (D:15)
  An item mimic (D:15)
  A tengu conjurer (D:14)
  A yaktaur (shapeshifter) (Vaults:1)
  2 fire drakes
  4 freezing wraiths
  Grinder (D:3)
  A hell beast (Vaults:5)
  3 wind drakes
  A deep elf priest (Vaults:5)
  28 merfolk
  Sonja (D:10)
  A wind drake (shapeshifter) (Vaults:3)
  4 polar bears
  8 trolls
  20 two-headed ogres
  Prince Ribbit (D:6)
  10 snapping turtles
  A griffon zombie (D:14)
  5 giant leeches (Lair:8)
  6 ravens (D:14)
  4 boulder beetles
  33 blink frogs
  5 slime creatures
  A catoblepas skeleton (D:15)
  A basilisk (shapeshifter) (Vaults:3)
  A trapdoor spider zombie (D:14)
  2 trapdoor spiders
  16 water elementals
  4 wyverns
  2 centaur simulacra (D:13)
  9 basilisks
  51 yaks
  7 redbacks
  3 spriggans
  A tarantella (Lair:7)
  2 humans (shapeshifter) (D:15)
  6 deep elf magi
  A vampire (D:15)
  4 hungry ghosts
  2 shadows
  4 air elementals
  2 hippogriffs (shapeshifter)
  13 hippogriffs
  Eustachio (D:7)
  4 deep elf fighters (Vaults:4)
  A steam dragon (Lair:3)
  A wraith (D:15)
  A yak (shapeshifter) (D:15)
  Grum (D:13)
  2 tarantellas (shapeshifter)
  3 hill giant skeletons
  48 nagas
  3 wargs
  17 wolves
  A deep troll zombie (Vaults:3)
  16 vampire mosquitoes
  5 mottled dragons
  34 water moccasins
  20 ice beasts
  5 sky beasts
  A black bear (Lair:7)
  A tengu skeleton (D:10)
  2 yellow wasps
  3 phantoms
  A black bear (shapeshifter) (Vaults:4)
  47 orc warriors
  13 porcupines
  42 ogres
  A manticore zombie (D:15)
  2 human skeletons
  3 necrophages
  25 centaurs
  A boggart (Vaults:2)
  A boring beetle (shapeshifter) (D:12)
  15 big kobolds
  17 crocodiles
  A manticore skeleton (D:13)
  42 giant frogs
  2 gnoll sergeants
  A brain worm (D:15)
  A cyclops zombie (D:13)
  A wyvern zombie (D:6)
  6 scorpions
  An eye of draining (shapeshifter) (Vaults:2)
  32 killer bees
  A hippogriff zombie (D:6)
  3 eyes of draining
  15 wights
  6 electric eels
  A lava snake (Volcano)
  A hippogriff skeleton (D:5)
  2 quasits
  A two-headed ogre zombie (Orc:3)
  A wyvern simulacrum (D:12)
  16 hounds
  A giant frog zombie (D:7)
  2 goliath beetles
  4 jellies
  A yellow wasp zombie (D:10)
  10 crimson imps
  3 centaur skeletons
  31 orc priests
  A basilisk skeleton (D:15)
  Natasha (twice) (D:3)
  11 iguanas
  An iron imp (D:13)
  A polar bear simulacrum (Lair:8)
  35 orc wizards
  10 worker ants
  4 wolf simulacra (Lair:8)
  A spectral orc (D:12)
  11 sheep
  A sky beast zombie (D:8)
  3 yak simulacra (Lair:8)
  Ijyb (D:3)
  A mottled dragon skeleton (D:9)
  A basilisk simulacrum (D:13)
  2 hound zombies
  Terence (D:2)
  A mummy (D:8)
  2 worker ant zombies
  37 green rats
  24 adders
  18 gnolls
  5 shadow imps
  6 giant mites
  3 orc skeletons
  2 white imps
  7 worms
  8 ufetubi
  8 orc zombies
  An iguana skeleton (D:9)
  4 giant geckos
  3 oozes (Sewer)
  132 orcs
  A bat skeleton (D:5)
  20 goblins
  21 hobgoblins
  51 kobolds
  16 quokkas
  4 ball pythons
  16 bats
  4 giant cockroaches
  5 giant newts
  3 green rat simulacra (Lair:8)
  A hobgoblin skeleton (D:7)
  23 jackals
  A kobold zombie (D:5)
  15 rats
  8 ballistomycetes
  3 bushes
  A butterfly (Lair:2)
  73 fungi
  63 plants
  4 tentacles (Shoals:5)
  A tentacle segment (Shoals:3)
2067 creatures vanquished.

Vanquished Creatures (collateral kills)
  Norris (Snake:3)
  A crystal guardian (Vaults:2)
  A manticore (Shoals:5)
  3 spiny frogs (Lair:8)
  2 yaks (Lair:1)
  A crocodile (Lair:8)
  A giant frog (Lair:8)
  3 orc zombies (Orc:4)
  A tentacle (Shoals:3)
14 creatures vanquished.

Vanquished Creatures (others)
  Vashnia (Snake:3)
  A merfolk javelineer (Shoals:5)
  Josephine (D:13)
  2 ogre magi (Vaults:2)
  3 naga sharpshooters
  5 fauns
  4 cyclopes
  A necromancer (Vaults:3)
  A manticore (Shoals:5)
  A naga mage (Snake:5)
  3 drowned souls (Shoals:5)
  2 human zombies (Vaults:5)
  2 yaktaurs
  2 merfolk
  A slime creature (D:15)
  An ettin zombie (Vaults:5)
  6 air elementals
  3 water elementals
  A fire elemental (Shoals:3)
  A hippogriff (Lair:1)
  A wyvern (D:15)
  A water moccasin (Lair:1)
  An ogre (Vaults:2)
  6 centaurs
  A crocodile (D:15)
  An earth elemental (Shoals:5)
  An orc priest (Orc:4)
  An orc wizard (Orc:4)
  A sheep (Shoals:2)
  2 adders (Lair:1)
  Natasha (D:3)
  An orc (Orc:4)
  3 giant spores
  3 ballistomycetes (D:15)
  3 fungi (Lair:7)
  3 plants
  20 tentacles
  175 tentacle segments
267 creatures vanquished.

Grand Total: 2348 creatures vanquished
